 Dungeon Crawl Stone Soup version 0.23.1 (webtiles) character file.

Game seed: 8588727369003030554

49594 vishdafish the Blocker (level 14, -1/113 HPs)
             Began as a Gnoll Fighter on Mar 5, 2019.
             Was an Initiate of Gozag.
             Killed from afar by a hell hound (23 damage)
             ... with a blast of flame
             ... on level 6 of the Lair of Beasts.
             The game lasted 00:29:06 (17406 turns).

vishdafish the Blocker (Gnoll Fighter)             Turns: 17406, Time: 00:29:10

Health: -1/113     AC: 23    Str: 22      XL:     14   Next: 51%
Magic:  0/27       EV: 13    Int: 23 (24) God:    Gozag
Gold:   4536       SH: 13    Dex: 18      Spells: 31/31 levels left

rFire    x . .     SeeInvis +   Y - +1 broad axe "Vidgheol" {flame, +Rage rF- Int+7}
rCold    . . .     Gourm    .   c - +0 shield
rNeg     + . .     Faith    .   w - +6 chain mail of Nuzal {rCorr}
rPois    .         Spirit   +   (helmet restricted)
rElec    +         Reflect  .   T - scarf {Spirit}
rCorr    +         Harm     .   u - +2 pair of gloves of Daisies {SInv}
MR       +....                  C - +0 pair of boots
Stlth    +.........             (no amulet)
HPRegen  0.28/turn              S - +3 ring of slaying
MPRegen  0.20/turn              K - ring of Fatigue {rElec rN+ Int+4 Dex+2 Stlth-}

@: gold aura
A: distributed training, fangs 1, horns 1, thin skeletal structure 1,
deterioration 1, screaming 1, strong nose
a: Potion Petition, Call Merchant, Bribe Branch, Renounce Religion, Evoke
Berserk Rage


You were on level 6 of the Lair of Beasts.
You worshipped Gozag.
Gozag was most pleased with you.
You were not hungry.

You visited 3 branches of the dungeon, and saw 20 of its levels.
You also visited: Bailey.

You collected 4658 gold pieces.
You spent 66 gold pieces at shops.
You paid 56 gold pieces to Gozag.

Inventory:

Hand Weapons
 a - a +1 long sword
 Y - the +1 broad axe "Vidgheol" (weapon) {flame, +Rage rF- Int+7}
   (You took it off an orc warrior in a bailey)

   It has been specially enchanted to burn those struck by it, causing extra
   injury to most foes and up to half again as much damage against particularly
   susceptible opponents.
   Big, fiery blades are also staple armaments of hydra-hunters.
   It affects your intelligence (+7).
   It makes you vulnerable to fire.
   It lets you go berserk.
Missiles
 h - 12 javelins (quivered)
 t - 22 tomahawks of returning
Armour
 c - a +0 shield (worn)
 u - the +2 pair of gloves of Daisies (worn) {SInv}
   (You found it on level 8 of the Dungeon)

   It lets you see invisible.
 w - the +6 chain mail of Nuzal (worn) {rCorr}
   (You found it on level 5 of the Dungeon)

   It provides partial protection from all sources of acid and corrosion.
 B - a +0 helmet
 C - a +0 pair of boots (worn)
 T - a scarf of spirit shield (worn)
Jewellery
 g - an uncursed ring of resist corrosion
 z - an uncursed ring of poison resistance
 G - a +2 ring of intelligence {unknown}
 K - the ring of Fatigue (right hand) {rElec rN+ Int+4 Dex+2 Stlth-}
   (You found it on level 8 of the Dungeon)

   [ring of positive energy]

   It affects your intelligence (+4).
   It affects your dexterity (+2).
   It insulates you from electricity.
   It protects you from negative energy.
   It makes you less stealthy.
 N - an uncursed ring of positive energy
 S - a +3 ring of slaying (left hand)
Wands
 i - a wand of digging (11)
 o - a wand of clouds (4)
 p - a wand of paralysis (34)
 x - a wand of iceblast (2)
 Q - a wand of disintegration (23)
 Z - a wand of enslavement (11)
Scrolls
 d - a scroll of fog {unknown}
 e - 4 scrolls of enchant weapon
 l - a scroll of immolation
 q - 4 scrolls of teleportation
 s - 2 scrolls of silence
 v - a scroll of torment
 y - 3 scrolls of remove curse
 E - 4 scrolls of amnesia
 F - 5 scrolls of enchant armour
 I - a scroll of acquirement {unknown}
 L - 2 scrolls of holy word {unknown}
 O - a scroll of brand weapon {unknown}
 R - 2 scrolls of blinking {unknown}
 U - 3 scrolls of magic mapping
 W - a scroll of summoning {unknown}
Potions
 b - 2 potions of curing
 j - a potion of flight
 k - a potion of brilliance
 m - a potion of cancellation
 n - 3 potions of lignification
 r - a potion of ambrosia
 A - a potion of agility
 H - 2 potions of degeneration
 J - 4 potions of magic
 P - 2 potions of haste
Miscellaneous
 M - a lamp of fire
 X - a fan of gales
Comestibles
 f - 19 rations


   Skills:
 + Level 11.1 Fighting
 + Level 9.1 Short Blades
 + Level 10.2 Long Blades
 + Level 9.1 Axes
 + Level 9.1 Maces & Flails
 + Level 9.1 Polearms
 + Level 9.1 Staves
 + Level 9.1 Slings
 + Level 9.1 Bows
 + Level 9.1 Crossbows
 + Level 9.1 Throwing
 + Level 11.1 Armour
 + Level 9.1 Dodging
 + Level 9.1 Stealth
 + Level 11.1 Shields
 + Level 9.1 Unarmed Combat
 + Level 9.1 Spellcasting
 + Level 7.6 Conjurations
 + Level 7.6 Hexes
 + Level 7.6 Charms
 + Level 7.6 Summonings
 + Level 7.6 Necromancy
 + Level 7.6 Translocations
 + Level 7.6 Transmutations
 + Level 7.6 Fire Magic
 + Level 7.6 Ice Magic
 + Level 7.6 Air Magic
 + Level 7.6 Earth Magic
 + Level 7.6 Poison Magic
 + Level 9.9 Invocations
 + Level 9.1 Evocations


You had 31 spell levels left.
You didn't know any spells.
Your spell library contained the following spells:

 Spells                   Type           Power        Failure   Level  Hunger
 Apportation              Tloc           #####.       2%          1    None
 Beastly Appendage        Tmut           #####.       2%          1    None
 Corona                   Hex            #####..      2%          1    None
 Shock                    Conj/Air       ####         2%          1    None
 Summon Butterflies       Summ           #####...     2%          1    None
 Ensorcelled Hibernation  Hex/Ice        #####.       3%          2    None
 Slow                     Hex            #####...     3%          2    None
 Sticks to Snakes         Tmut           #####...     3%          2    None
 Swiftness                Chrm/Air       #####...     3%          2    None
 Confuse                  Hex            #####...     8%          3    None
 Dazzling Spray           Conj/Hex       #####.       8%          3    None
 Inner Flame              Hex/Fire       #####...     8%          3    None
 Lesser Beckoning         Tloc           #####.....   8%          3    None
 Portal Projectile        Hex/Tloc       #####.       8%          3    None
 Spider Form              Tmut/Pois      #####.....   8%          3    None
 Static Discharge         Conj/Air       #####...     8%          3    None
 Tukima's Dance           Hex            #####...     8%          3    None
 Airstrike                Air            #####.....   26%         4    ##.....
 Cause Fear               Hex            #####.....   26%         4    ##.....
 Ice Form                 Ice/Tmut       #####...     26%         4    ##.....
 Leda's Liquefaction      Hex/Erth       #####.....   26%         4    ##.....
 Alistair's Intoxication  Tmut/Pois      #####...     56%         5    ####...
 Blade Hands              Tmut           #####.....   56%         5    ####...
 Bolt of Magma            Conj/Fire/Erth #####.....   56%         5    ####...
 Iskenderun's Battlesphe  Conj/Chrm      #####...     56%         5    ####...
 Lightning Bolt           Conj/Air       #####.....   56%         5    ####...
 Venom Bolt               Conj/Pois      #####.....   56%         5    ####...
 Invisibility             Hex            #####...     98%         6    ######.
 Iron Shot                Conj/Erth      #####.....   98%         6    ######.
 Orb of Destruction       Conj           #####.....   100%        7    #######
 Spellforged Servitor     Conj/Summ      #####.....   100%        7    #######


Dungeon Overview and Level Annotations

Branches:
Dungeon (13/15)            Temple (1/1) D:5            Lair (6/6) D:11
  Swamp (0/4) Lair:4       Spider (0/4) Lair:4        Slime (0/5) Lair:5
    Orc (0/2) D:10
 Vaults: D:13-14

Altars:
Cheibriados
Dithmenos
Elyvilon
Fedhas
Gozag
Hepliaklqana
Kikubaaqudgha
Makhleb
Nemelex Xobeh
Okawaru
Qazlal
Sif Muna
Uskayaw
Vehumet
Yredelemnul
Zin
Jiyva

Shops:
D:4 *(


Innate Abilities, Weirdness & Mutations

Your experience applies equally to all skills.
You have very sharp teeth.
Your uncanny sense of smell can sniff out nearby items.
You have a pair of small horns on your head.
You have a somewhat thin skeletal structure. (Dex +2, Stealth)
Your body sometimes deteriorates upon taking damage.
You occasionally shout uncontrollably at your foes.


Message History

The hell hound bites you but does no damage.
You block the hell hound's attack. The death yak gores you.
* * * LOW HITPOINT WARNING * * *
Unknown command.
You hit the death yak but do no damage. You headbutt the death yak.
You bite the death yak, but do no damage.
The death yak is almost dead.
You miss the hell hound. You block the hell hound's attack.
You block the death yak's attack. The hell hound breathes flames at you.
The blast of flame hits you. The fire burns you terribly!
* * * LOW HITPOINT WARNING * * *
You block the death yak's attack.
You slash the death yak! You burn the death yak.
You kill the death yak!
You hit the hell hound. You block the hell hound's attack.
The hell hound breathes flames at you. The blast of flame hits you!!
The fire burns you terribly!
You die...
Your body crumbles into a pile of gold.

....#..........
....#...$$...#
#......$.$..#
#.....$<$.##
##.....$$..#
#P........##
#.......$##
......$$$#
......h@##
......###
.....# ...#.
...# . $$ $ $


You could see a hell hound.

Vanquished Creatures
  Rupert (D:12)
  7 hydras
  13 death yaks
  2 unseen horrors
  An orc knight (Bailey)
  An ugly thing (D:8)
  A cyclops (D:11)
  A deep elf mage (D:8)
  6 oklob plants
  4 manticores
  4 black mambas
  7 spiny frogs
  6 komodo dragons
  7 polar bears
  A tyrant leech (Lair:4)
  2 trolls (D:12)
  Grinder (D:3)
  A jumping spider (Lair:4)
  2 hornets (D:9)
  10 blink frogs
  3 slime creatures (D:12)
  6 hippogriffs
  Sigmund (D:2)
  A redback (Lair:4)
  3 wyverns
  35 yaks
  A hungry ghost (D:9)
  A basilisk (Lair:1)
  3 steam dragons
  Menkaure (D:6)
  2 wargs (D:10)
  A soldier ant (D:9)
  2 hell hounds (Lair:6)
  2 water moccasins
  Duvessa (D:7)
  7 porcupines
  An ice beast (D:9)
  A black bear (D:12)
  5 orc warriors
  A necrophage (D:7)
  A phantom (D:7)
  5 ogres
  15 wolves
  6 crocodiles
  8 centaurs
  13 bullfrogs
  A big kobold (D:10)
  A gnoll sergeant (D:10)
  Dowan (D:7)
  16 killer bees (D:11)
  5 scorpions
  A water moccasin skeleton (D:9)
  2 howler monkeys
  4 crimson imps
  3 centaur zombies
  11 hounds
  2 quasits
  3 bullfrog zombies
  4 jellies
  6 orc wizards
  2 centaur skeletons
  10 orc priests
  Crazy Yiuf (D:5)
  3 bullfrog skeletons
  Ijyb (D:4)
  5 iguanas
  5 hell rats (Lair:6)
  14 worker ants
  A killer bee zombie (D:7)
  2 hound zombies
  9 gnolls
  7 adders
  3 shadow imps
  3 oozes
  2 adder zombies
  An adder skeleton (D:4)
  3 worms
  8 leopard geckos
  40 orcs
  5 bats
  6 giant cockroaches
  15 goblins
  5 hobgoblins
  26 jackals
  5 quokkas
  2 ball pythons
  4 frilled lizards
  21 kobolds
  A leopard gecko skeleton (D:7)
  A leopard gecko zombie (D:5)
  A quokka skeleton (D:6)
  8 rats
  2 fungi
  9 plants
495 creatures vanquished.

Vanquished Creatures (collateral kills)
  A gargoyle (D:12)
  3 slime creatures (D:12)
  3 centaurs (D:12)
  An orc wizard (D:12)
  An orc (D:12)
9 creatures vanquished.

Vanquished Creatures (others)
  A hell hound (Lair:6)
  A bush (Lair:4)
  10 fungi
  3 plants (Lair:4)
15 creatures vanquished.

Grand Total: 519 creatures vanquished

Notes
Turn   | Place    | Note
-------+----------+-------------------------------------------
     0 | D:1      | vishdafish the Gnoll Fighter began the quest for the Orb.
     0 | D:1      | Reached XP level 1. HP: 23/23 MP: 1/1
   105 | D:1      | Reached XP level 2. HP: 29/29 MP: 2/2
   414 | D:2      | Found a snail-covered altar of Cheibriados.
   684 | D:2      | Reached XP level 3. HP: 35/35 MP: 3/3
   776 | D:2      | Noticed Sigmund
   788 | D:2      | Killed Sigmund
   788 | D:2      | Reached skill level 1 in Short Blades
   788 | D:2      | Reached skill level 1 in Axes
   788 | D:2      | Reached skill level 1 in Maces & Flails
   788 | D:2      | Reached skill level 1 in Polearms
   788 | D:2      | Reached skill level 1 in Staves
   788 | D:2      | Reached skill level 1 in Slings
   788 | D:2      | Reached skill level 1 in Bows
   788 | D:2      | Reached skill level 1 in Crossbows
   788 | D:2      | Reached skill level 1 in Throwing
   788 | D:2      | Reached skill level 1 in Dodging
   788 | D:2      | Reached skill level 1 in Stealth
   788 | D:2      | Reached skill level 1 in Unarmed Combat
   788 | D:2      | Reached skill level 1 in Spellcasting
   788 | D:2      | Reached skill level 1 in Conjurations
   788 | D:2      | Reached skill level 1 in Hexes
   788 | D:2      | Reached skill level 1 in Charms
   788 | D:2      | Reached skill level 1 in Summonings
   788 | D:2      | Reached skill level 1 in Necromancy
   788 | D:2      | Reached skill level 1 in Translocations
   788 | D:2      | Reached skill level 1 in Transmutations
   788 | D:2      | Reached skill level 1 in Fire Magic
   788 | D:2      | Reached skill level 1 in Ice Magic
   788 | D:2      | Reached skill level 1 in Air Magic
   788 | D:2      | Reached skill level 1 in Earth Magic
   788 | D:2      | Reached skill level 1 in Poison Magic
   788 | D:2      | Reached skill level 1 in Invocations
   788 | D:2      | Reached skill level 1 in Evocations
   788 | D:2      | Reached XP level 4. HP: 25/41 MP: 4/6
   788 | D:2      | Reached XP level 5. HP: 29/47 MP: 4/7
  1242 | D:3      | Noticed Grinder
  1321 | D:3      | Killed Grinder
  1321 | D:3      | Reached skill level 5 in Long Blades
  1321 | D:3      | Reached XP level 6. HP: 45/53 MP: 7/9
  1463 | D:3      | Reached XP level 7. HP: 59/59 MP: 10/10
  2259 | D:4      | Noticed Ijyb
  2277 | D:4      | Killed Ijyb
  2479 | D:4      | Found Plog's Weapon Shoppe.
  2526 | D:4      | Found a hazy altar of Hepliaklqana.
  2710 | D:4      | Found Kusmenipt's Assorted Antiques.
  2715 | D:4      | Bought a grey potion for 20 gold pieces
  2715 | D:4      | Bought a scroll labeled ACOGREUDEL for 23 gold pieces
  2715 | D:4      | Bought a scroll labeled NOLUNA DIABU for 23 gold pieces
  3086 | D:5      | Entered Level 5 of the Dungeon
  3098 | D:5      | Reached XP level 8. HP: 67/67 MP: 12/12
  3133 | D:5      | Found a staircase to the Ecumenical Temple.
  3142 | Temple   | Entered the Ecumenical Temple
  3180 | Temple   | Became a worshipper of Gozag Ym Sagoz the Greedy
  3306 | D:5      | Got a smelly chain mail
  3317 | D:5      | Identified the +6 chain mail of Nuzal {rCorr} (You found it
                  | on level 5 of the Dungeon)
  3451 | D:5      | Found a basalt altar of Yredelemnul.
  3565 | D:5      | Found a runed translucent door.
  3566 | D:5      | Noticed Crazy Yiuf
  3639 | D:5      | Killed Crazy Yiuf
  3734 | D:6      | Found a radiant altar of Vehumet.
  3785 | D:6      | Noticed Menkaure
  3797 | D:6      | Killed Menkaure
  4417 | D:6      | Found a hide-covered altar of Uskayaw.
  4714 | D:6      | Noticed a yak
  4718 | D:6      | Reached XP level 9. HP: 72/72 MP: 14/14
  5295 | D:7      | Noticed Duvessa
  5299 | D:7      | Noticed Dowan
  5303 | D:7      | Killed Duvessa
  5310 | D:7      | Killed Dowan
  5983 | D:8      | Noticed a manticore
  6005 | D:8      | Killed a manticore
  6005 | D:8      | Reached skill level 5 in Invocations
  6270 | D:8      | Got a pair of steaming gloves
  6281 | D:8      | Identified the +2 pair of gloves of Daisies {SInv} (You
                  | found it on level 8 of the Dungeon)
  6298 | D:8      | Reached XP level 10. HP: 72/80 MP: 17/17
  6312 | D:8      | Got a translucent bone ring
  6313 | D:8      | Identified the ring of Fatigue {rElec rN+ Int+4 Dex+2
                  | Stlth-} (You found it on level 8 of the Dungeon)
  6481 | D:8      | Noticed a cyan ugly thing
  6481 | D:8      | Noticed a manticore
  6495 | D:8      | Killed a cyan ugly thing
  6507 | D:8      | Killed a manticore
  6507 | D:8      | Reached skill level 5 in Short Blades
  6507 | D:8      | Reached skill level 5 in Axes
  6507 | D:8      | Reached skill level 5 in Maces & Flails
  6507 | D:8      | Reached skill level 5 in Polearms
  6507 | D:8      | Reached skill level 5 in Staves
  6507 | D:8      | Reached skill level 5 in Slings
  6507 | D:8      | Reached skill level 5 in Bows
  6507 | D:8      | Reached skill level 5 in Crossbows
  6507 | D:8      | Reached skill level 5 in Throwing
  6507 | D:8      | Reached skill level 5 in Dodging
  6507 | D:8      | Reached skill level 5 in Stealth
  6507 | D:8      | Reached skill level 5 in Unarmed Combat
  6507 | D:8      | Reached skill level 5 in Spellcasting
  6507 | D:8      | Reached skill level 5 in Evocations
  6916 | D:8      | Noticed a deep elf mage
  6925 | D:8      | Killed a deep elf mage
  7057 | D:8      | Found a white marble altar of Elyvilon.
  7063 | D:8      | Found an iron altar of Okawaru.
  7664 | D:9      | Found a sparkling altar of Nemelex Xobeh.
  8352 | D:9      | Reached XP level 11. HP: 70/87 MP: 19/19
  8858 | D:10     | Entered Level 10 of the Dungeon
  9032 | D:10     | Got a smelly plate armour
  9043 | D:10     | Identified the +10 plate armour "Peatenyple" {rElec rF+
                  | Str-4} (You found it on level 10 of the Dungeon)
  9338 | D:10     | Found a staircase to the Orcish Mines.
  9345 | D:10     | Noticed an unseen horror
  9363 | D:10     | Reached skill level 5 in Conjurations
  9363 | D:10     | Reached skill level 5 in Hexes
  9363 | D:10     | Reached skill level 5 in Charms
  9363 | D:10     | Reached skill level 5 in Summonings
  9363 | D:10     | Reached skill level 5 in Necromancy
  9363 | D:10     | Reached skill level 5 in Translocations
  9363 | D:10     | Reached skill level 5 in Transmutations
  9363 | D:10     | Reached skill level 5 in Fire Magic
  9363 | D:10     | Reached skill level 5 in Ice Magic
  9363 | D:10     | Reached skill level 5 in Air Magic
  9363 | D:10     | Reached skill level 5 in Earth Magic
  9363 | D:10     | Reached skill level 5 in Poison Magic
  9381 | D:10     | Killed an unseen horror
  9989 | D:11     | Noticed an oklob plant
  9990 | D:11     | Noticed an oklob plant
 10013 | D:11     | Killed an oklob plant
 10135 | D:11     | Noticed a manticore
 10142 | D:12     | Noticed an unseen horror
 10147 | D:12     | Killed a manticore
 10158 | D:12     | Killed an unseen horror
 10182 | D:12     | Noticed Rupert
 10201 | D:12     | Killed Rupert
 10201 | D:12     | Reached XP level 12. HP: 45/96 MP: 11/22
 10260 | D:12     | Noticed a seven-headed hydra
 10288 | D:12     | Found a flagged portal.
 10294 | Bailey   | Entered a bailey
 10686 | Bailey   | Identified the cursed +1 broad axe "Vidgheol" {flame, +Rage
                  | rF- Int+7}
 10811 | Bailey   | Found an iron altar of Okawaru.
 10929 | D:12     | Killed a seven-headed hydra
 11738 | D:11     | Noticed a seven-headed hydra
 11756 | D:11     | Killed a one-headed hydra
 12284 | D:11     | Found a staircase to the Lair.
 12385 | Lair:1   | Entered Level 1 of the Lair of Beasts
 12397 | Lair:1   | Noticed a six-headed hydra
 12404 | Lair:1   | Killed a two-headed hydra
 12404 | Lair:1   | Reached skill level 10 in Fighting
 12404 | Lair:1   | Reached skill level 10 in Armour
 12404 | Lair:1   | Reached skill level 10 in Shields
 13076 | Lair:2   | Gained mutation: Your body sometimes deteriorates upon
                  | taking damage. [potion of mutation]
 13076 | Lair:2   | Gained mutation: You have a somewhat thin skeletal
                  | structure. (Dex +2, Stealth) [potion of mutation]
 13076 | Lair:2   | Gained mutation: You occasionally shout uncontrollably at
                  | your foes. [potion of mutation]
 13076 | Lair:2   | Gained mutation: You have a pair of small horns on your
                  | head. [potion of mutation]
 13326 | Lair:2   | Reached XP level 13. HP: 103/103 MP: 24/24
 14168 | Lair:3   | You fall through a shaft for 2 floors!
 14559 | Lair:5   | Found a runed translucent door.
 14561 | Lair:5   | Found a viscous altar of Jiyva.
 14562 | Lair:5   | Found a staircase to the Slime Pits.
 15620 | Lair:3   | Reached XP level 14. HP: 101/111 MP: 22/26
 15625 | Lair:3   | Got a fine chain mail
 15636 | Lair:3   | Identified the cursed +0 chain mail of the Vaults {rC+}
                  | (You found it on level 3 of the Lair of Beasts)
 16118 | Lair:4   | Found a hole to the Spider Nest.
 16530 | Lair:4   | Found a staircase to the Swamp.
 16717 | Lair:5   | Reached skill level 10 in Long Blades
 16969 | Lair:6   | Entered Level 6 of the Lair of Beasts
 17406 | Lair:6   | Killed from afar by a hell hound

Skill      XL: |  1  2  3  4  5  6  7  8  9 10 11 12 13 14 |
---------------+-------------------------------------------+-----
Short Blades   | 1 2 3 4 5 6 7 8 9 |  9.1
Axes           | 1 2 3 4 5 6 7 8 9 |  9.1
Maces & Flails | 1 2 3 4 5 6 7 8 9 |  9.1
Polearms       | 1 2 3 4 5 6 7 8 9 |  9.1
Staves         | 1 2 3 4 5 6 7 8 9 |  9.1
Slings         | 1 2 3 4 5 6 7 8 9 |  9.1
Bows           | 1 2 3 4 5 6 7 8 9 |  9.1
Crossbows      | 1 2 3 4 5 6 7 8 9 |  9.1
Throwing       | 1 2 3 4 5 6 7 8 9 |  9.1
Dodging        | 1 2 3 4 5 6 7 8 9 |  9.1
Stealth        | 1 2 3 4 5 6 7 8 9 |  9.1
Unarmed Combat | 1 2 3 4 5 6 7 8 9 |  9.1
Spellcasting   | 1 2 3 4 5 6 7 8 9 |  9.1
Conjurations   | 1 2 3 4 5 6 7 |  7.6
Hexes          | 1 2 3 4 5 6 7 |  7.6
Charms         | 1 2 3 4 5 6 7 |  7.6
Summonings     | 1 2 3 4 5 6 7 |  7.6
Necromancy     | 1 2 3 4 5 6 7 |  7.6
Translocations | 1 2 3 4 5 6 7 |  7.6
Transmutations | 1 2 3 4 5 6 7 |  7.6
Fire Magic     | 1 2 3 4 5 6 7 |  7.6
Ice Magic      | 1 2 3 4 5 6 7 |  7.6
Air Magic      | 1 2 3 4 5 6 7 |  7.6
Earth Magic    | 1 2 3 4 5 6 7 |  7.6
Poison Magic   | 1 2 3 4 5 6 7 |  7.6
Invocations    | 1 2 3 4 5 6 7 8 9 |  9.9
Evocations     | 1 2 3 4 5 6 7 8 9 |  9.1
Long Blades    | 5 6 7 8 9 10 | 10.2
Fighting       | 7 8 9 10 11 | 11.1
Armour         | 7 8 9 10 11 | 11.1
Shields        | 7 8 9 10 11 | 11.1

Action                   |  1- 3 |  4- 6 |  7- 9 | 10-12 | 13-15 || total
-------------------------+-------+-------+-------+-------+-------++-------
Melee: Long sword        |    89 |    71 |   472 |   572 |       ||  1204
       Bite              |     8 |    11 |    76 |   144 |    60 ||   299
       Broad axe         |       |       |       |   161 |   364 ||   525
       Headbutt          |       |       |       |     4 |   120 ||   124
Throw: Javelin           |       |       |    19 |    47 |    12 ||    78
       Throwing net      |       |       |     1 |     1 |       ||     2
       Tomahawk          |       |       |       |    20 |     7 ||    27
 Abil: Evoke Berserk Rag |       |       |       |     2 |       ||     2
Evoke: Wand              |       |       |       |    19 |     2 ||    21
       Box of beasts     |       |       |       |     2 |       ||     2
       Lamp of fire      |       |       |       |     1 |     1 ||     2
  Use: Potion            |     2 |     1 |     2 |     4 |     3 ||    12
       Scroll            |       |       |     9 |    13 |     3 ||    25
 Stab: Distracted        |       |       |     1 |     3 |     2 ||     6
       Invisible         |       |       |       |     3 |       ||     3
       Paralysed         |       |       |       |     3 |       ||     3
  Eat: Chunk             |       |     1 |     7 |       |       ||     8
       Ration            |       |       |     3 |     9 |     4 ||    16
Armor: Scale mail        |    19 |    29 |    76 |       |       ||   124
       Chain mail        |       |       |   122 |   468 |   230 ||   820
Dodge: Dodged            |    19 |    27 |   157 |   400 |   248 ||   851
Block: Shield            |    53 |    40 |   264 |   657 |   317 ||  1331
       Rpst.: Long sword |     3 |    13 |    59 |    77 |       ||   152
